 Dungeon Crawl Stone Soup version 0.29-a0-322-g68df515428 (webtiles) character file.

Game seed: 3277441733294782499

202 kae the Firebug (level 5, 0/30 HPs)
             Began as a Tengu Fire Elementalist on Apr 5, 2022.
             Slain by a scorpion (4 damage)
             ... on level 4 of the Dungeon.
             The game lasted 00:02:59 (3660 turns).

kae the Firebug (Tengu Fire Elementalist)           Turns: 3660, Time: 00:03:00

Health: 0/30       AC:  2    Str:  8    XL:     5   Next: 80%
Magic:  0/9        EV: 15    Int: 18    God:
Gold:   146        SH:  0    Dex: 14    Spells: 0/9 levels left

rFire   . . .      SeeInvis .   e - +0 short sword (flame)
rCold   . . .      Faith    .   (no shield)
rNeg    . . .      Spirit   +   a - +0 robe
rPois   .          Reflect  .   (helmet restricted)
rElec   .          Harm     .   (no cloak)
rCorr   .          Rampage  .   (no gloves)
Will    .....                   (boots unavailable)
Stlth   ++........              f - amulet of guardian spirit
HPRegen 0.10/turn               (no ring)
MPRegen 0.11/turn               (no ring)

@: lethally poisoned (0 -> -15), flying quickly and evasively, quick
A: beak, talons 3, nimble flight
a: no special abilities


You were on level 4 of the Dungeon.
You visited 1 branch of the dungeon, and saw 4 of its levels.

You collected 146 gold pieces.

Inventory:

Hand Weapons
 e - a +0 short sword of flaming (weapon)
Armour
 a - a +0 robe (worn)
 c - the +18 Lear's hauberk
   (You found it on level 3 of the Dungeon)
Jewellery
 f - an amulet of guardian spirit (around neck)
Wands
 p - a wand of paralysis (7)
Scrolls
 i - 2 scrolls of teleportation
 n - a scroll of blinking {unknown}
 o - a scroll of enchant armour {unknown}
 q - a scroll of identify
Potions
 b - 2 potions of magic
 d - a potion of heal wounds {unknown}
 g - a potion of attraction
 h - 2 potions of flight
 j - a potion of might
 k - 2 potions of curing {unknown}
 l - 2 potions of resistance
 m - a potion of haste {unknown}


   Skills:
 + Level 1.8 Fighting
 + Level 2.0 Armour
 + Level 3.1 Dodging
 - Level 2.0 Stealth
 + Level 2.5 Spellcasting
 + Level 2.7 Conjurations
 * Level 4.7 Fire Magic


You couldn't memorise any spells.
You knew the following spells:

 Your Spells              Type           Power      Damage    Failure   Level
a - Foxfire               Conj/Fire      60%        2x1d7     3%          1
b - Scorch                Fire           38%        2d7       3%          2
c - Conjure Flame         Conj/Fire      15%        6-21      11%         3
d - Inner Flame           Hex/Fire       10%        N/A       21%         3

Your spell library contained the following spells:

 Spells                   Type           Power      Damage    Failure   Level
 Corpse Rot               Necr/Air       4%         N/A       26%         2
 Poisonous Vapours        Pois/Air       4%         N/A       26%         2
 Flame Wave               Conj/Fire      15%        2d6       36%         4
 Gell's Gravitas          Tloc           2%         N/A       45%         3
 Lesser Beckoning         Tloc           2%         N/A       45%         3
 Teleport Other           Tloc           2%         N/A       45%         3


Dungeon Overview and Level Annotations

Branches:
Dungeon (4/15)
 Temple: D:4-7

Altars:
Yredelemnul


Innate Abilities, Weirdness & Mutations

You have a beak for a mouth.
You have claws for feet.
Your magical nature lets you fly swiftly and evasively.


Message History

Casting: Foxfire (safe; 3% risk of failure)
Confirm with . or Enter, or press ? or * to list all spells.
You conjure some foxfire!
The foxfire hits the scorpion but does no damage.
The scorpion is lightly wounded.
The foxfire hits the scorpion but does no damage.
The scorpion is lightly wounded.
Casting: Foxfire (safe; 3% risk of failure)
Confirm with . or Enter, or press ? or * to list all spells.
Flames lash the scorpion.
The scorpion is heavily wounded.
The scorpion's fire resistance burns away.
The scorpion misses you.
Casting: Scorch (safe; 3% risk of failure)
Confirm with . or Enter, or press ? or * to list all spells.
Flames lash the scorpion.
The scorpion is burned terribly!
The scorpion is almost dead.
The scorpion misses you. x2
The scorpion stings you.
Casting: Scorch (safe; 3% risk of failure)
Confirm with . or Enter, or press ? or * to list all spells.
Flames lash the scorpion but do no damage.
The scorpion stings you.
You are poisoned.
The scorpion poisons you!
You feel very sick. The scorpion stings you!
You are lethally poisoned!
The scorpion poisons you!
Casting: Scorch (safe; 3% risk of failure)
Confirm with . or Enter, or press ? or * to list all spells.
You don't have enough magic to cast this spell.
You hit the scorpion but do no damage.
The scorpion is severely wounded.
* * * LOW HITPOINT WARNING * * *
You feel very sick. The scorpion stings you.
* * * LOW HITPOINT WARNING * * *
The scorpion stings you.
You die...

# ... #. .#... . .##
..... .. .. #.....
...###.###..#
#.........# #.s@....#
####)......+
............#
............#
............# ##+###
............###..#.#
...................#
......#..<.........#
......#............#####


You could see a scorpion (combustible).

Vanquished Creatures
  A sky beast (D:3)
  3 adders (D:2)
  3 worms
  4 dart slugs
  8 bats
  8 endoplasms
  4 giant cockroaches
  4 goblins
  4 hobgoblins
  4 quokkas
  8 ball pythons
  A frilled lizard (D:3)
  10 kobolds
  7 rats
69 creatures vanquished.

Vanquished Creatures (others)
  183 foxfires
183 creatures vanquished.

Grand Total: 252 creatures vanquished

Notes
Turn   | Place    | Note
-------+----------+-------------------------------------------
     0 | D:1      | kae the Tengu Fire Elementalist began the quest for the
                  | Orb.
     0 | D:1      | Reached XP level 1. HP: 10/10 MP: 4/4
    93 | D:1      | Reached XP level 2. HP: 14/16 MP: 0/6
   709 | D:1      | Reached XP level 3. HP: 20/20 MP: 5/7
   712 | D:1      | Learned a level 2 spell: Scorch
   716 | D:1      | Learned a level 3 spell: Conjure Flame
   782 | D:1      | Found a faded altar of an unknown god.
  1395 | D:2      | Reached skill level 1 in Fighting
  1561 | D:2      | Reached skill level 4 in Fire Magic
  1585 | D:2      | Reached skill level 1 in Armour
  1752 | D:2      | Reached XP level 4. HP: 8/25 MP: 4/8
  2118 | D:2      | Found a basalt altar of Yredelemnul.
  2801 | D:3      | Found the +18 Lear's hauberk
  3144 | D:3      | Noticed a sky beast
  3158 | D:3      | Killed a sky beast
  3159 | D:3      | Gained mutation: Your magical nature lets you fly swiftly
                  | and evasively. [Tengu growth]
  3159 | D:3      | Reached XP level 5. HP: 30/30 MP: 5/9
  3531 | D:4      | Learned a level 3 spell: Inner Flame
  3660 | D:4      | Slain by a scorpion

Illustrated notes

Levels and vault maps discovered:
D:1:      dpeg_arrival_tiny_h, layout_basic,
          hellmonk_ecumenical_altar_leap_of_faith
D:2:      layout_loops_ring, basic_altar
D:3:      layout_basic, serial_glass, glass_columns_b, glass_columns_a
D:4:      layout_basic, temple_green, serial_shops, nicolae_shop_crystal,
          gammafunk_ghost_abyssal_escape, minmay_checkerbox

Skill      XL: |  1  2  3  4 |
---------------+-------------+-----
Fighting       | 1 |  1.8
Conjurations   | 2 |  2.7
Fire Magic     | 4 |  4.7
Armour         | 1 2 |  2.0
Dodging        | 3 |  3.1
Stealth        | |  2.0
Spellcasting   | |  2.5

Action                   |  1- 3 |  4- 6 || total
-------------------------+-------+-------++-------
Melee: Unarmed           |     5 |       ||     5
       Kick              |    11 |     3 ||    14
       Peck              |     4 |     5 ||     9
       Short sword       |    38 |    24 ||    62
       Punch             |       |     2 ||     2
 Cast: Foxfire           |    59 |    52 ||   111
       Scorch            |       |     3 ||     3
  Use: Scroll            |       |     7 ||     7
       Potion            |       |     1 ||     1
 Stab: Sleeping          |     1 |       ||     1
Armor: Robe              |    13 |       ||    13
Dodge: Dodged            |    42 |    23 ||    65

Table legend: (Time is in decaauts)
 A = Elapsed time spent in this place.
 B = Non-inter-level travel time spent in this place.
 C = Inter-level travel time spent in this place.
 D = Time resting spent in this place.
 E = Time spent auto-exploring this place.
 F = Levels seen in this place.
 G = Mean time per level.
                   A        B        C        D        E       F      G
               +--------+--------+--------+--------+--------+-----+--------+
         Total |   3644 |   3537 |    107 |      2 |   3004 |   4 |  911.0 |
       Dungeon |   3644 |   3537 |    107 |      2 |   3004 |   4 |  911.0 |
               +--------+--------+--------+--------+--------+-----+--------+

Top non-repeatable levels by time:
     D:2: 1571 daAuts
     D:1: 984 daAuts
     D:3: 959 daAuts
     D:4: 128 daAuts
